 Dungeon Crawl Stone Soup version 0.31-a0-640-g39d97e502b (webtiles) character file.

Game seed: 3608212571235120178

20879 rvierbuc the Fighter (level 12, 0/99 HPs)
             Began as a Demonspawn Monk on Aug 28, 2023.
             Was a Priest of Trog.
             Slain by Sonja
             ... wielding a +4 short sword of venom
              (6 damage)
             ... on level 11 of the Dungeon.
             The game lasted 00:38:48 (12960 turns).

rvierbuc the Fighter (Demonspawn Monk)             Turns: 12960, Time: 00:38:48

Health: 0/99       AC: 27    Str: 16    XL:     12   Next: 49%
Magic:  12/12      EV:  8    Int: 13    God:    Trog [***...]
Gold:   645        SH:  5    Dex: 15    Spells: 11/11 levels left

rFire   . .          .
                       - Unarmed
rCold   . . .        (no shield)
rNeg    . . .        P - +2 plate armour of Gobiydghabo {Stlth+}
rPois   .            (helmet restricted)
rElec   .            r - +0 cloak
rCorr   .            Q - +1 pair of gloves {hurl}
SInv    .            L - +0 pair of boots
Will    .....        X - amulet of reflection Stlth
                     (no ring)
HPRegen 0.36/turn    (no ring)
MPRegen 0.26/turn

%: reflection
@: lethally poisoned (0 -> -18), sanguine armoured, slowed, very slow
A: horns 2, magic regeneration, sanguine armour 1, demonic magic 3
a: Renounce Religion, Berserk, Trog's Hand


You were on level 11 of the Dungeon.
You worshipped Trog.
Trog was most pleased with you.
You visited 1 branch of the dungeon, and saw 11 of its levels.

You collected 645 gold pieces.

Inventory:

Hand Weapons
 q - a +3 quarterstaff of chaos
 J - a +2 dagger of distortion
Missiles
 a - 5 atropa-tipped darts
 E - a throwing net
 W - 20 poisoned darts
Armour
 c - an orb of light
 r - a +0 cloak (worn)
 y - a +1 leather armour of poison resistance
 G - +1 acid dragon scales
 L - a +0 pair of boots (worn)
 O - a +0 troll leather armour
 P - the +2 plate armour of Gobiydghabo (worn) {Stlth+}
   (You took it off an orc warrior on level 7 of the Dungeon)

   Stlth+:    It makes you more stealthy.
 Q - a +1 pair of gloves of hurling (worn)
 V - +0 ice dragon scales
Jewellery
 u - a ring of ice
 R - an amulet of guardian spirit
 S - a ring of ice
 X - an amulet of reflection (around neck)
 Z - an amulet of regeneration
Wands
 D - a wand of paralysis (22)
 F - a wand of light (18)
 H - a wand of flame (37)
 I - a wand of polymorph (15)
 N - a wand of digging (3)
Scrolls
 i - 4 scrolls of vulnerability {unknown}
 k - a scroll of enchant armour {unknown}
 l - 5 scrolls of teleportation {unknown}
 m - a scroll of blinking {unknown}
 n - 2 scrolls of summoning {unknown}
 p - a scroll of fear {unknown}
 t - a scroll of torment {unknown}
 w - 2 scrolls of revelation {unknown}
 x - a scroll of noise {unknown}
 A - 2 scrolls of fog {unknown}
 B - 2 scrolls of enchant weapon {unknown}
 C - 5 scrolls of poison {unknown}
 K - 4 scrolls of silence
 M - a scroll of identify
 Y - a scroll of brand weapon
Potions
 b - 2 potions of ambrosia
 d - 5 potions of enlightenment
 e - a potion of berserk rage
 g - 3 potions of attraction {unknown}
 h - a potion of resistance {unknown}
 j - 2 potions of lignification {unknown}
 o - a potion of brilliance {unknown}
 v - 2 potions of haste
 z - 4 potions of might
Miscellaneous
 T - a phial of floods (inert)


   Skills:
 + Level 10.7 Fighting
 + Level 9.1 Armour
 + Level 9.9 Dodging
 + Level 9.9 Unarmed Combat


You had 11 spell levels left.
You didn't know any spells.
Your spell library contained the following spells:

 Spells                   Type           Power      Damage    Failure   Level
 Slow                     Hex            0%         N/A       100%        1
 Confusing Touch          Hex            0%         N/A       100%        3
 Vampiric Draining        Necr           0%         2d6       100%        3


Dungeon Overview and Level Annotations

Branches:
Dungeon (11/15)            Temple (0/1) D:6            Lair (0/5) D:10
    Orc (0/2) D:9

Altars:
Nemelex Xobeh
Okawaru
Ru
Trog
Wu Jian

Shops:
D:9 =   D:10 *

Annotations:
D:11 Sonja


Innate Abilities, Weirdness & Mutations

You have a pair of horns on your head.
You regenerate magic rapidly.
When seriously injured, your blood forms armour. (AC +6)
Spells you cast and wands you use may paralyse nearby enemies.


Message History

Your black bear barely misses Sonja. x2
Sonja hits your black bear with a +4 short sword of venom!
Sonja hits your black bear with a +4 short sword of venom.
Your black bear is poisoned.
Sonja hits your black bear with a +4 short sword of venom.
You feel sick.
You are no longer poisoned.
Your black bear dies!
Your black bear's corpse disappears in a puff of smoke!
Sonja throws a curare-tipped dart.
The curare-tipped dart hits you.
You are poisoned.
You have difficulty breathing.
* * * LOW HITPOINT WARNING * * *
You feel as though you will be slow longer.
You feel better.
Sonja throws a curare-tipped dart.
The curare-tipped dart hits you.
You are poisoned.
You have difficulty breathing.
* * * LOW HITPOINT WARNING * * *
You feel as though you will be slow longer.
Sonja casts a spell.
Sonja blinks!
You feel better.
Okay, then.
You recover from your berserk rage.
Sonja hits you but does no damage.
You are poisoned.
Sonja hits you but does no damage.
You are more poisoned.
You block Sonja's attack. Sonja barely misses you.
Sonja hits you with a +4 short sword of venom.
* * * LOW HITPOINT WARNING * * *
You are more poisoned.
Sonja hits you but does no damage.
You hit Sonja but do no damage. Your headbutt misses Sonja.
Sonja is severely wounded.
* * * LOW HITPOINT WARNING * * *
You feel extremely sick.
Sonja hits you with a +4 short sword of venom.
You die...

######### #.......# ###.#####.#
##### ######...#####.####...#
#.. #........##......K).).#.....
##.####...##.##.###.....#
#....###.....##.# #.....#
####.#.####....@K.##......#
#.......############......#
#.#.......# #......# #
#.##..#.##########.######
#.....#.##..........# ##### #
#..##.#.##..........######....
#.#.......##..........#.........
#>......####.......#....####....
####.#### #..........### #####


You could see Sonja.

Vanquished Creatures
  A boulder beetle (D:11)
  A two-headed ogre (D:10)
  The ghost of mdonais the Fighter, a novice OpRe of Gozag (D:7)
  An oklob plant (D:8)
  A cyclops (D:11)
  A manticore (D:11)
  An unseen horror (D:9)
  Maggie (D:6)
  7 trolls
  2 hornets
  2 slime creatures
  A shadow (D:11)
  A wraith (D:8)
  4 yaks (D:9)
  A vampire (D:11)
  A wyvern (D:9)
  3 steam dragons
  Duvessa (D:6)
  A water moccasin (D:8)
  A swamp drake (D:9)
  5 orc warriors
  An ice beast (D:7)
  A sky beast (D:7)
  2 ogres
  4 centaurs
  A phantom (D:4)
  2 kobold brigands (D:9)
  Blork the orc (D:4)
  A bullfrog (D:7)
  A gnoll sergeant (D:8)
  4 scorpions
  12 wights
  Dowan (D:6)
  14 killer bees
  2 howler monkeys
  11 jellies
  7 orc priests
  Crazy Yiuf (D:2)
  2 hounds (D:5)
  A gnoll bouda (D:7)
  Natasha (thrice) (D:3)
  2 iguanas (D:5)
  2 sleepcaps
  4 orc wizards
  Robin (D:3)
  12 gnolls
  4 adders
  A shadow imp (D:7)
  2 white imps
  3 ufetubi
  4 worms
  2 dart slugs
  47 orcs
  6 ball pythons
  14 endoplasms
  4 giant cockroaches
  18 goblins
  7 hobgoblins
  A quokka (D:5)
  12 bats
  A frilled lizard (D:2)
  15 kobolds
  3 rats
275 creatures vanquished.

Vanquished Creatures (collateral kills)
  An orc warrior (D:7)
  An orc wizard (D:11)
  An orc (D:11)
3 creatures vanquished.

Vanquished Creatures (others)
  An orc priest (D:9)
  An orc (D:9)
2 creatures vanquished.

Grand Total: 280 creatures vanquished

Notes
Turn   | Place    | Note
-------+----------+-------------------------------------------
     0 | D:1      | rvierbuc the Demonspawn Monk began the quest for the Orb.
     0 | D:1      | Reached XP level 1. HP: 18/18 MP: 1/1
   169 | D:1      | Gained mutation: When seriously injured, your blood forms
                  | armour. (AC +6) [demonic ancestry]
   169 | D:1      | Reached XP level 2. HP: 24/24 MP: 2/2
   261 | D:1      | Found a faded altar of an unknown god.
   342 | D:1      | Prayed at the altar of an unknown god.
   342 | D:1      | Became a worshipper of Trog the Wrathful
   342 | D:1      | Reached * piety under Trog
   342 | D:1      | Reached ** piety under Trog
   873 | D:2      | Found a sacrificial altar of Ru.
   904 | D:2      | Reached XP level 3. HP: 29/29 MP: 3/3
  1147 | D:2      | Reached *** piety under Trog
  1548 | D:2      | Found a runed translucent door.
  1549 | D:2      | Noticed Crazy Yiuf
  1555 | D:2      | Killed Crazy Yiuf
  1556 | D:2      | Gained mutation: Spells you cast may paralyse adjacent
                  | enemies. [demonic ancestry]
  1556 | D:2      | Reached XP level 4. HP: 37/37 MP: 4/4
  1619 | D:3      | Noticed Robin
  1639 | D:3      | Reached skill level 4 in Fighting
  1642 | D:3      | Killed Robin
  1720 | D:3      | Noticed Natasha
  1728 | D:3      | Killed Natasha
  1729 | D:3      | Reached skill level 1 in Armour
  1729 | D:3      | Gained mutation: Spells you cast may paralyse nearby
                  | enemies. [demonic ancestry]
  1729 | D:3      | Reached XP level 5. HP: 30/42 MP: 5/5
  2067 | D:3      | Noticed Natasha
  2078 | D:3      | Killed Natasha
  2189 | D:3      | Noticed Natasha
  2203 | D:3      | Killed Natasha
  2472 | D:3      | Reached XP level 6. HP: 49/49 MP: 6/6
  2782 | D:4      | Found an iron altar of Okawaru.
  2836 | D:4      | Reached **** piety under Trog
  3231 | D:4      | Reached skill level 5 in Fighting
  3231 | D:4      | Reached XP level 7. HP: 40/56 MP: 7/7
  3340 | D:4      | Noticed Blork the orc
  3347 | D:4      | Killed Blork the orc
  3553 | D:5      | Entered Level 5 of the Dungeon
  3877 | D:5      | Found an ornate altar of the Wu Jian Council.
  3953 | D:5      | Found a sacrificial altar of Ru.
  4009 | D:5      | Reached skill level 5 in Unarmed Combat
  4276 | D:5      | Reached skill level 5 in Dodging
  4573 | D:5      | Reached XP level 8. HP: 14/64 MP: 8/8
  4805 | D:6      | Noticed Maggie
  4828 | D:6      | Killed Maggie
  4829 | D:6      | Reached skill level 6 in Fighting
  5204 | D:6      | Noticed Duvessa
  5206 | D:6      | Noticed Dowan
  5223 | D:6      | Killed Dowan
  5229 | D:6      | Killed Duvessa
  5434 | D:6      | Found a staircase to the Ecumenical Temple.
  5866 | D:7      | Gained mutation: You regenerate magic rapidly. [demonic
                  | ancestry]
  5866 | D:7      | Reached XP level 9. HP: 67/71 MP: 9/9
  6101 | D:7      | Reached skill level 5 in Armour
  6228 | D:7      | Found a runed translucent gate.
  6241 | D:7      | Found a runed translucent gate.
  6241 | D:7      | Found a runed translucent gate.
  6242 | D:7      | Noticed mdonais's ghost (novice OpRe)
  6243 | D:7      | Identified the +2 plate armour of Gobiydghabo {Stlth+}
  6324 | D:7      | Reached skill level 7 in Fighting
  6735 | D:7      | Noticed a troll
  6745 | D:7      | Killed a troll
  7068 | D:7      | Killed mdonais's ghost
  7605 | D:8      | Reached skill level 8 in Fighting
  7605 | D:8      | Gained mutation: You have a pair of small horns on your
                  | head. [demonic ancestry]
  7605 | D:8      | Reached XP level 10. HP: 25/80 MP: 10/10
  8412 | D:8      | Noticed an oklob plant
  8782 | D:8      | Killed an oklob plant
  9896 | D:9      | Reached skill level 9 in Fighting
 10169 | D:9      | You fall into a shaft and drop 2 floors!
 10170 | D:11     | Noticed a manticore
 10186 | D:11     | Killed a manticore
 10211 | D:10     | Entered Level 10 of the Dungeon
 10317 | D:10     | Gained mutation: You have a pair of horns on your head.
                  | [demonic ancestry]
 10317 | D:10     | Reached XP level 11. HP: 39/89 MP: 5/11
 10640 | D:10     | Found a staircase to the Lair.
 10695 | D:10     | Found Hekaf's General Store.
 10800 | D:10     | Noticed a two-headed ogre
 10809 | D:10     | Killed a two-headed ogre
 10901 | D:9      | Found Gepsephi's One-of-a-Kind Rings.
 11406 | D:9      | Found a staircase to the Orcish Mines.
 12192 | D:10     | Reached skill level 10 in Fighting
 12192 | D:10     | Gained mutation: Spells you cast and wands you use may
                  | paralyse nearby enemies. [demonic ancestry]
 12192 | D:10     | Reached XP level 12. HP: 99/99 MP: 12/12
 12266 | D:10     | Identified the +5 scale mail "Latajaeg" {Str+2}
 12355 | D:10     | Found a sparkling altar of Nemelex Xobeh.
 12544 | D:11     | Noticed a boulder beetle
 12554 | D:11     | Killed a boulder beetle
 12920 | D:11     | Noticed Sonja
 12960 | D:11     | Slain by Sonja

Illustrated notes

Levels and vault maps discovered:
D:1:      lemuel_arrival_lava_pool, layout_basic, ebering_ecumenical_altar_ruins
D:2:      minmay_general_purpose_star, layout_rooms, basic_altar,
          uniq_crazy_yiuf_cottage
D:3:      layout_basic, tso_oasis_becter, cheibrodos_sewer_entry_bend,
          uniq_natasha, uniq_robin
D:4:      layout_basic, mainiacjoe_overflow_concentric_impassable,
          uniq_blork_the_orc
D:5:      layout_loops_cross, nzn_wu_jian_contemplation,
          nicolae_ru_sacrificial_ziggurat
D:6:      layout_rooms, minmay_temple_entry_proselytizer, uniq_maggie,
          uniq_duvessa
D:7:      layout_cave_pools, biasface_ghost_orc_armoury, minmay_three_doors
D:8:      lemuel_slime, layout_basic
D:9:      layout_long_grid, erik_orc_1, nicolae_shop_unique_rings,
          minmay_chambers_of_fives
D:10:     layout_gridville, nemelex_spade_bored_becter, lair_entry_dummy,
          serial_shops, shop
D:11:     layout_loops_cross, uniq_sonja

Skill      XL: |  1  2  3  4  5  6  7  8  9 10 11 |
---------------+----------------------------------+-----
Dodging        | 3 4 5 6 7 8 9 |  9.9
Unarmed Combat | 3 4 5 6 7 8 9 |  9.9
Fighting       | 4 5 6 8 9 10 | 10.7
Armour         | 1 2 3 4 6 7 9 |  9.1

Action                     |  1- 3 |  4- 6 |  7- 9 | 10-12 || total
---------------------------+-------+-------+-------+-------++-------
  Melee: Unarmed           |   118 |   195 |   466 |   498 ||  1277
         Punch             |       |       |    31 |    19 ||    50
         Headbutt          |       |       |       |   117 ||   117
 Invoke: Berserk           |     1 |     4 |    10 |    15 ||    30
         Brothers in Arms  |       |       |     2 |     2 ||     4
  Evoke: Phial of floods   |       |       |       |     1 ||     1
    Use: Potion            |       |       |       |     9 ||     9
         Scroll            |       |       |       |     7 ||     7
 Armour: Robe              |    15 |    28 |       |       ||    43
         Leather armour    |       |    18 |    77 |       ||    95
         Acid dragon scale |       |       |   146 |    47 ||   193
         Plate armour      |       |       |    18 |   280 ||   298
         Skin              |       |       |       |    10 ||    10
  Dodge: Dodged            |    67 |   102 |   435 |   254 ||   858
  Block: Other             |       |       |       |    20 ||    20
         Reflection        |       |       |       |     1 ||     1

Table legend: (Time is in decaauts)
 A = Elapsed time spent in this place.
 B = Non-inter-level travel time spent in this place.
 C = Inter-level travel time spent in this place.
 D = Time resting spent in this place.
 E = Time spent auto-exploring this place.
 F = Levels seen in this place.
 G = Mean time per level.
                   A        B        C        D        E       F      G
               +--------+--------+--------+--------+--------+-----+--------+
         Total |  13077 |  12709 |    368 |   2362 |   7899 |  11 | 1188.8 |
       Dungeon |  13077 |  12709 |    368 |   2362 |   7899 |  11 | 1188.8 |
               +--------+--------+--------+--------+--------+-----+--------+

Top non-repeatable levels by time:
     D:8: 1938 daAuts
     D:9: 1775 daAuts
     D:7: 1551 daAuts
    D:10: 1203 daAuts
     D:6: 1144 daAuts
     D:5: 1125 daAuts
     D:3: 1056 daAuts
     D:4: 1037 daAuts
     D:1: 870 daAuts
     D:2: 751 daAuts
    D:11: 621 daAuts
